 Dungeon Crawl Stone Soup version 0.30-a0-250-g41c1d76940 (webtiles) character file.

Game seed: 10321323981841410439

319 bande the Covered (level 6, 0/38 HPs)
             Began as a Gargoyle Fighter on Oct 12, 2022.
             Slain by Blork the orc
             ... wielding a +0 halberd
              (10 damage)
             ... on level 4 of the Dungeon.
             The game lasted 00:04:17 (3147 turns).

bande the Covered (Gargoyle Fighter)                Turns: 3147, Time: 00:04:18

Health: 0/38       AC: 16    Str: 19    XL:     6   Next: 46%
Magic:  6/6        EV:  5    Int:  9    God:
Gold:   139        SH:  4    Dex: 11    Spells: 5/5 levels left

rFire   . . .      SeeInvis .    a - +0 war axe
rCold   . . .      Faith    .    c - +0 buckler
rNeg    + . .      Spirit   .    s - +0 plate armour
rPois   ∞          Reflect  .    (no helmet)
rElec   +          Harm     .    (no cloak)
rCorr   .          Rampage  .    (no gloves)
Will    .....                    (no boots)
Stlth   ..........               (no amulet)
HPRegen 0.26/turn                (no ring)
MPRegen 0.10/turn                (no ring)

@: no status effects
A: sickness immunity, AC +4, negative energy resistance 1, electricity
resistance, torment resistance 1, petrification resistance
a: no special abilities


You were on level 4 of the Dungeon.
You visited 2 branches of the dungeon, and saw 5 of its levels.

You collected 139 gold pieces.

Inventory:

Hand Weapons
 a - a +0 war axe (weapon)
 p - a +0 war axe
Armour
 c - a +0 buckler (worn)
 s - a +0 plate armour (worn)
Scrolls
 e - a scroll of teleportation {unknown}
 g - 3 scrolls of identify {unknown}
 k - a scroll of blinking {unknown}
 m - a scroll of vulnerability {unknown}
 q - a scroll of amnesia {unknown}
 r - a scroll of noise {unknown}
Potions
 d - a potion of might
 f - a potion of curing {unknown}
 h - a potion of resistance {unknown}
 i - a potion of berserk rage {unknown}
 j - a potion of lignification {unknown}
 l - 2 potions of haste {unknown}
 n - a potion of flight {unknown}
 o - 2 potions of cancellation {unknown}


   Skills:
 + Level 4.2 Fighting
 + Level 4.0 Axes
 + Level 5.0 Armour
 + Level 4.2 Shields


You had 5 spell levels left.
You didn't know any spells.
Your spell library was empty.

Dungeon Overview and Level Annotations

Branches:
Dungeon (4/15)             Temple (1/1) D:4

Altars:
Cheibriados
Dithmenos
Elyvilon
Gozag
Makhleb
Nemelex Xobeh
Qazlal
Sif Muna
Vehumet
Wu Jian
Zin
The Shining One

Shops:
D:3 (

Annotations:
D:2 1 runed translucent door, Crazy Yiuf
D:4 Blork the orc


Innate Abilities, Weirdness & Mutations

You are immune to sickness and miasma.
Your stone body is resilient. (AC +4)
You are immune to poison.
You resist negative energy. (rN+)
You are resistant to electric shocks. (rElec)
You are resistant to unholy torment.
You are immune to petrification.


Message History

The orc barely misses you. The kobold hits you but does no damage.
You hit the kobold.
You kill the kobold!
Blork the orc barely misses you. The orc closely misses you.
Blork the orc hits you from afar with a +0 halberd.
The orc hits you from afar with a +0 trident!
Blork the orc drinks a potion.
Blork the orc's spells are empowered!
Blork the orc gestures at you while chanting.
The puff of flame hits you!
* * * LOW HITPOINT WARNING * * *
The orc throws a boomerang.
The boomerang hits you but does no damage.
Things that are here:
a +0 dagger; 5 stones; a kobold corpse Unknown command.
Unknown command.
You barely miss Blork the orc. Blork the orc barely misses you.
Blork the orc casts a spell at you.
The puff of flame hits you but does no damage.
Unknown command.
You slash Blork the orc!
Blork the orc is heavily wounded.
Blork the orc hits you but does no damage.
The orc hits you but does no damage.
Blork the orc hits you but does no damage.
You closely miss Blork the orc.
Blork the orc is heavily wounded.
Blork the orc barely misses you. The orc hits you but does no damage.
Blork the orc casts a spell at you. The puff of flame hits you.
* * * LOW HITPOINT WARNING * * *
The orc hits you but does no damage.
You closely miss Blork the orc.
Blork the orc is heavily wounded.
Blork the orc screams, "I'm much stronger than you!"
Blork the orc gestures at you while chanting.
The magic dart hits you.
* * * LOW HITPOINT WARNING * * *
Blork the orc hits you with a +0 halberd!
You die...

######### #.......#
#.......# #### ..
#.......##...
#.##..........###.
..........o......
#.....o.@#
##..[..)..#
###.........#... #
..............# .#
####....#######.####
#!##..##......... ..
#.............
######.##.[......).
.).#......†###.###


You could see Blork the orc (fast, empowered) and an orc.

Vanquished Creatures
  The ghost of gelatine the Magician, an amateur DjAE (D:3)
  A black bear (D:4)
  4 adders
  4 dart slugs
  10 orcs
  4 endoplasms
  A giant cockroach (D:4)
  5 goblins
  4 hobgoblins
  3 jackals (D:3)
  2 quokkas (D:2)
  5 ball pythons
  3 bats
  A frilled lizard (D:2)
  8 kobolds
  A rat (D:1)
57 creatures vanquished.

Vanquished Creatures (others)
  5 fungi (D:2)
5 creatures vanquished.

Grand Total: 62 creatures vanquished

Notes
Turn   | Place    | Note
-------+----------+-------------------------------------------
     0 | D:1      | bande the Gargoyle Fighter began the quest for the Orb.
     0 | D:1      | Reached XP level 1. HP: 14/14 MP: 1/1
   103 | D:1      | Reached XP level 2. HP: 15/19 MP: 2/2
   756 | D:2      | Reached XP level 3. HP: 20/23 MP: 3/3
   894 | D:2      | Found a faded altar of an unknown god.
  1337 | D:2      | Found a runed translucent door.
  1338 | D:2      | Noticed Crazy Yiuf
  2056 | D:3      | Found a radiant altar of Vehumet.
  2067 | D:3      | Reached skill level 4 in Armour
  2067 | D:3      | Reached XP level 4. HP: 29/29 MP: 4/4
  2151 | D:3      | Found a runed translucent gate.
  2245 | D:3      | Found a runed translucent gate.
  2247 | D:3      | Found a runed translucent gate.
  2250 | D:3      | Noticed gelatine's ghost (amateur DjAE)
  2256 | D:3      | Found Beadut's Weapon Emporium.
  2590 | D:3      | Killed gelatine's ghost
  2591 | D:3      | Reached XP level 5. HP: 30/33 MP: 5/5
  2624 | D:4      | Found a staircase to the Ecumenical Temple.
  2629 | Temple   | Entered the Ecumenical Temple
  3017 | D:4      | Noticed a black bear
  3029 | D:4      | Killed a black bear
  3030 | D:4      | Reached skill level 5 in Armour
  3030 | D:4      | Reached XP level 6. HP: 16/38 MP: 6/6
  3136 | D:4      | Noticed Blork the orc
  3147 | D:4      | Slain by Blork the orc

Illustrated notes

Levels and vault maps discovered:
D:1:      spicycebolla_green_bress_n_ham_2, layout_loops_ring
D:2:      layout_loops_ring, basic_ecumenical_altar, minmay_goblin_outpost,
          uniq_crazy_yiuf_cottage
D:3:      layout_basic, vehumet_crystals, serial_shops,
          nicolae_shop_statue_plus, ebering_ghost_rock_garden,
          chequers_serial_rivers_micro_e
D:4:      layout_rooms, temple_statues, gammafunk_ghost_split,
          grunt_ministairs_7, uniq_blork_the_orc
Temple:   nicolae_temple_ecumenical_triangle

Skill      XL: |  1  2  3  4  5 |
---------------+----------------+-----
Axes           | 2 3 4 |  4.0
Armour         | 4 5 |  5.0
Fighting       | 4 |  4.2
Shields        | 4 |  4.2

Action                   |  1- 3 |  4- 6 || total
-------------------------+-------+-------++-------
Melee: War axe           |    99 |    78 ||   177
Armor: Scale mail        |    61 |     7 ||    68
       Plate armour      |       |    96 ||    96
Dodge: Dodged            |    65 |    41 ||   106
Block: Buckler           |    31 |    33 ||    64

Table legend: (Time is in decaauts)
 A = Elapsed time spent in this place.
 B = Non-inter-level travel time spent in this place.
 C = Inter-level travel time spent in this place.
 D = Time resting spent in this place.
 E = Time spent auto-exploring this place.
 F = Levels seen in this place.
 G = Mean time per level.
                   A        B        C        D        E       F      G
               +--------+--------+--------+--------+--------+-----+--------+
         Total |   3220 |   3042 |    178 |    400 |   1876 |   5 |  644.0 |
       Dungeon |   2860 |   2682 |    178 |    124 |   1876 |   4 |  715.0 |
        Temple |    360 |    360 |      0 |    276 |      0 |   1 |  360.0 |
               +--------+--------+--------+--------+--------+-----+--------+

Top non-repeatable levels by time:
     D:2: 1187 daAuts
     D:3: 925 daAuts
     D:1: 648 daAuts
  Temple: 360 daAuts
     D:4: 98 daAuts
